 Dungeon Crawl Stone Soup version 0.17-a0-2211-gbb7320e (webtiles) character file.

79 Ordine the Magician (level 4, 0/24 HPs)
             Began as a Deep Elf Wizard on Oct 27, 2015.
             Fell down a flight of stairs (1 damage)
             ... on level 3 of the Dungeon.
             The game lasted 00:05:35 (1697 turns).

Ordine the Magician (Deep Elf Wizard)               Turns: 1697, Time: 00:05:35

Health: 0/24       AC:  3    Str:  4    XL:     4   Next: 17%
Magic:  13/13      EV:  7    Int: 24    God:
Gold:   122        SH:  0    Dex: 13    Spells: 3 memorised, 8 levels left

rFire  . . .     SeeInvis .     i - +0 dagger
rCold  . . .     Clarity  .     a - +0 robe
rNeg   . . .     SustAt   .     (no shield)
rPois  .         Gourm    .     b - +0 hat
rElec  .         Spirit   .     e - +0 cloak
rCorr  .         Warding  .     (no gloves)
rMut   +         Stasis   .     (no boots)
MR     .....                    m - amulet of resist mutation
Stlth  +.........               (no ring)
                                (no ring)

@: confused, repel missiles, not resistant to hostile enchantments, very
unstealthy
A: no striking features
a: no special abilities


You were on level 3 of the Dungeon.
You were not hungry.

You visited 1 branch of the dungeon, and saw 3 of its levels.

You collected 122 gold pieces.

Inventory:

Hand Weapons
 i - a +0 dagger (weapon)
Armour
 a - a +0 robe (worn)
 b - a +0 hat (worn)
 e - a +0 cloak (worn)
Jewellery
 m - an amulet of resist mutation (around neck)
Scrolls
 k - 2 scrolls of blinking
 l - a scroll of amnesia
 n - a scroll of teleportation
Potions
 f - a potion of magic
 o - a potion of cancellation {unknown}
 p - 2 potions of lignification {unknown}
Books
 c - a book of Minor Magic

   Spells                             Type                      Level
   a - Magic Dart                     Conjuration                  1
   b - Blink                          Translocation                2
   c - Call Imp                       Summoning                    2
   d - Repel Missiles                 Charms/Air                   2
   e - Slow                           Hexes                        2
   f - Conjure Flame                  Conjuration/Fire             3
   g - Mephitic Cloud                 Conjuration/Poison/Air       3
Comestibles
 d - 2 bread rations
 g - a fruit
 j - a beef jerky


   Skills:
 - Level 2.4 Dodging
 - Level 2.4 Stealth
 + Level 5.1 Spellcasting
 * Level 3.8 Conjurations
   Level 1.1 Summonings
 - Level 1.1 Translocations


You had 8 spell levels left.
You knew the following spells:

 Your Spells              Type           Power        Failure   Level  Hunger
a - Magic Dart            Conj           ###.         1%          1    None
b - Blink                 Tloc           N/A          12%         2    None
e - Repel Missiles        Chrm/Air       #.....       14%         2    None


Dungeon Overview and Level Annotations

Branches:
Dungeon (3/15)

Altars:

Annotations:
D:3 Sigmund, Terence


Message History

Deactivating autopickup; reactivate with Ctrl-A.
You feel less confused. Something hits you.
You hear some strange, mumbled words.
Something tries to affect you, but you resist.
Something hits you but does no damage.
Terence the Incautious comes into view.
He is wielding a flail.
A magic dart appears from out of thin air!
The magic dart hits you!
Found a stone staircase leading down.
You hear some strange, mumbled words.
You are confused.
You hear some strange, mumbled words.
You are more confused.
There is a stone staircase leading up here.
Something hits you!
Ouch! That really hurt!
* * * LOW HITPOINT WARNING * * *
In your confused state, you trip and fall back down the stairs.
You die...

.#.#>##.##. ..#..#
....#..##.##.#..###
......##.##.#....#
#....##.##.#....## #
#..#.##.##.#.....# .
#.......#...$....##.
#.....#....#........
####........#.##.......
#.....@.{..w...........
#.#.........#..####..#.
. #..................#
.....#.#...###.>...#...
#..###.##...####>..##..
...# #.##.#... #....##.
.## ..........#....# .
...............# # ....
....#....#


You could see a worm.

Vanquished Creatures
  5 adders
  6 bats
  2 giant cockroaches
  3 goblins
  3 hobgoblins
  4 jackals (D:1)
  5 kobolds
  2 giant newts (D:1)
  5 rats
35 creatures vanquished.

Notes
Turn   | Place    | Note
--------------------------------------------------------------
     0 | D:1      | Ordine the Deep Elf Wizard began the quest for the Orb.
     0 | D:1      | Reached XP level 1. HP: 10/10 MP: 7/7
   420 | D:1      | Reached XP level 2. HP: 15/15 MP: 2/9
   548 | D:1      | Learned a level 2 spell: Blink
   551 | D:1      | Learned a level 2 spell: Repel Missiles
  1045 | D:2      | Reached XP level 3. HP: 19/19 MP: 4/11
  1060 | D:2      | Reached skill level 5 in Spellcasting
  1365 | D:2      | Reached XP level 4. HP: 24/24 MP: 8/13
  1659 | D:3      | Noticed Sigmund
  1678 | D:3      | Noticed Terence
  1696 | D:3      | HP: 1/24 [something (14)]
  1697 | D:3      | Fell down a flight of stairs

Vault maps used:
D:1:      dpeg_arrival_chambers_temple_mockup, minmay_strange_pillars,
          minmay_strange_pillars
D:2:      first_bread
D:3:      lemuel_coloured_pillars_altar, nicolae_tso_swordbearing_angel,
          uniq_sigmund, uniq_terence

Action                   |  1- 3 |  4- 6 || total
-------------------------+-------+-------++-------
Melee: Unarmed           |     1 |       ||     1
 Cast: Magic Dart        |    80 |     9 ||    89
       Repel Missiles    |     1 |       ||     1
       Blink             |       |     1 ||     1
  Use: Scroll            |     7 |       ||     7
  Eat: Chunk             |     1 |     1 ||     2
